 Dungeon Crawl Stone Soup version 0.27-b1-41-gafb5482f4b (webtiles) character file.

Game seed: 10291526955041885505

242 Urokeeper the Sneak (level 5, -1/39 HPs)
             Began as a Vampire Brigand on July 28, 2021.
             Killed by divine providence
             ... invoked by an orc priest
              (11 damage)
             ... on level 6 of the Dungeon.
             The game lasted 00:12:44 (3153 turns).

Urokeeper the Sneak (Vampire Brigand)               Turns: 3153, Time: 00:12:44

Health: -1/39      AC:  9    Str: 11    XL:     5   Next: 81%
Magic:  5/5        EV: 12    Int: 14    God:
Gold:   181        SH:  0    Dex: 15    Spells: 4/4 levels left

rFire    + + .     SeeInvis +   a - +2 dagger
rCold    x x .     Faith    .   (no shield)
rNeg     . . .     Spirit   .   f - +2 leather armour {rPois}
rPois    +         Reflect  .   u - +1 helmet
rElec    .         Harm     .   h - +1 cloak
rCorr    .         Rampage  .   (no gloves)
Will     .....                  (no boots)
Stlth    ++++......             (no amulet)
HPRegen  0.33/turn              l - ring of fire
MPRegen  0.09/turn              x - ring of fire

@: healing quickly
A: alive, fangs 3, see invisible, vampiric 2
a: Exsanguinate


You were on level 6 of the Dungeon.
You visited 1 branch of the dungeon, and saw 6 of its levels.

You collected 181 gold pieces.

Inventory:

Hand Weapons
 a - a +2 dagger (weapon)
 n - a +1 whip of venom
Missiles
 d - 7 poisoned darts (quivered)
 e - a curare-tipped dart
 w - 6 boomerangs
Armour
 b - a +0 robe
 c - a +0 cloak
 f - a +2 leather armour of poison resistance (worn)
 h - a +1 cloak (worn)
 r - a +0 tower shield
 t - a +2 scale mail of cold resistance
 u - a +1 helmet (worn)
Jewellery
 l - a ring of fire (left hand)
 x - a ring of fire (right hand)
Wands
 s - a wand of flame (15)
Scrolls
 g - 2 scrolls of torment {unknown}
 i - a scroll of enchant weapon {unknown}
 j - 4 scrolls of identify {unknown}
 m - a scroll of fog {unknown}
 p - a scroll of enchant armour {unknown}
 v - a scroll of noise {unknown}
Potions
 k - 2 potions of lignification {unknown}
 o - 2 potions of mutation {unknown}
 q - a potion of might {unknown}


   Skills:
 + Level 2.3 Fighting
 + Level 3.5 Short Blades
 + Level 1.8 Throwing
 + Level 2.0 Armour
 + Level 2.4 Dodging
 + Level 7.7 Stealth


You had 4 spell levels left.
You didn't know any spells.
Your spell library contained the following spells:

 Spells                   Type           Power      Damage    Failure   Level
 Ensorcelled Hibernation  Hex/Ice        0%         N/A       50%         2
 Spider Form              Tmut/Pois      0%         N/A       75%         3
 Shadow Creatures         Summ           N/A        N/A       100%        6


Dungeon Overview and Level Annotations

Branches:
Dungeon (7/15)
 Temple: D:4-7

Altars:
Elyvilon
Kikubaaqudgha
Okawaru
Trog

Annotations:
D:3 1 runed translucent door, Crazy Yiuf


Innate Abilities, Weirdness & Mutations

Your natural rate of healing is accelerated.
You have razor-sharp teeth.
You have supernaturally acute eyesight. (SInv)
You are afflicted with vampirism and can become a bat while bloodless.


Message History

You hit the bullfrog skeleton but do no damage.
The bullfrog skeleton is heavily damaged.
The bullfrog skeleton closely misses you.
An orc priest comes into view. It is wielding a +0 hand axe.
The orc priest shouts!
You hit the bullfrog skeleton. You bite the bullfrog skeleton.
The bullfrog skeleton is severely damaged.
You hear a bark!
The bullfrog skeleton misses you.
You hit the orc wizard but do no damage.
You hit the orc wizard.
The orc wizard is moderately wounded.
An orc comes into view. It is wielding a +0 flail.
The orc wizard barely misses you.
The orc priest calls down the wrath of Beogh upon you.
Beogh smites you!
The bullfrog skeleton closely misses you.
You hear a shout!
The orc wizard hits you with a +0 dagger.
Keep bloodletting? [Y]es or [N]o only, please.
Keep bloodletting?
The bullfrog skeleton misses you.
You begin bloodletting.
You continue bloodletting.
The bullfrog skeleton hits you. The orc wizard misses you.
You continue bloodletting.
The bullfrog skeleton hits you.
You continue bloodletting.
The bullfrog skeleton hits you.
* * * LOW HITPOINT WARNING * * *
The orc wizard hits you with a +0 dagger.
* * * LOW HITPOINT WARNING * * *
The bullfrog skeleton barely misses you.
You continue bloodletting.
The bullfrog skeleton closely misses you.
The orc wizard hits you but does no damage.
You continue bloodletting.
The orc priest mumbles some strange prayers to Beogh against you.
Beogh smites you!
You die...

. .. ### #...# ... ###
#.#### ..... ....
##.###..#.## #....# .....
#.Zo#......##...#.#
......###.o@..............
..(......h#o.#..##.....#
..........#(###......####..
.........##.. #............
............####...#.##.....
..#.....o.### ##......##....
. #....o... #..#.#.>......
##........ ##.###.##.....
##.......$......### #....


You could see a hound, an orc priest, an orc wizard, an orc and a bullfrog
skeleton.

Vanquished Creatures
  Ijyb (D:2)
  An orc wizard (D:4)
  Robin (D:3)
  4 gnolls
  3 adders
  An ufetubus (D:6)
  A worm (D:2)
  2 dart slugs (D:1)
  9 orcs
  3 ball pythons
  5 bats
  6 endoplasms
  3 giant cockroaches
  20 goblins
  7 hobgoblins
  2 jackals (D:1)
  A quokka (D:2)
  3 frilled lizards
  9 kobolds
  8 rats
90 creatures vanquished.

Notes
Turn   | Place    | Note
-------+----------+-------------------------------------------
     0 | D:1      | Urokeeper the Vampire Brigand began the quest for the Orb.
     0 | D:1      | Reached XP level 1. HP: 16/16 MP: 1/1
    70 | D:1      | Reached skill level 6 in Stealth
    91 | D:1      | Reached XP level 2. HP: 15/22 MP: 2/2
   266 | D:1      | Noticed an eye of devastation
   267 | D:1      | Noticed a golden eye
   298 | D:1      | Found a faded altar of an unknown god.
   300 | D:1      | Noticed a golden eye
   322 | D:1      | Noticed an eye of devastation
   413 | D:1      | Reached skill level 7 in Stealth
   413 | D:1      | Gained mutation: You are afflicted with vampirism and can
                  | become a bat while bloodless. [Vampire growth]
   413 | D:1      | Reached XP level 3. HP: 27/27 MP: 3/3
   918 | D:2      | Found an ancient bone altar of Kikubaaqudgha.
  1342 | D:2      | Reached XP level 4. HP: 33/33 MP: 4/4
  2063 | D:3      | Noticed Ijyb
  2081 | D:3      | Noticed Robin
  2185 | D:2      | Reached XP level 5. HP: 23/38 MP: 5/5
  2202 | D:2      | Killed Ijyb
  2203 | D:2      | Reached skill level 1 in Armour
  2290 | D:3      | Killed Robin
  2421 | D:3      | Found a bloodstained altar of Trog.
  2473 | D:3      | Found an ancient bone altar of Kikubaaqudgha.
  2747 | D:3      | Found an iron altar of Okawaru.
  2841 | D:3      | Found a runed translucent door.
  2842 | D:3      | Noticed Crazy Yiuf
  3083 | D:4      | You fall into a shaft and drop 3 floors!
  3153 | D:6      | Killed from afar by an orc priest

Illustrated notes

Levels and vault maps discovered:
D:1:      lightli_arrival_isolated_outpost, layout_rooms,
          hellmonk_ecumenical_altar_watching_god,
          amcnicky_mini_rare_corridor_liquid, chequers_hall_statues_corner_a
D:2:      layout_basic, basic_altar
D:3:      layout_rooms, trog_three_pillars_becter,
          mainiacjoe_overflow_concentric_impassable, jmf_multi_god_temple,
          uniq_ijyb, uniq_robin, uniq_crazy_yiuf_cottage
D:4:      layout_gridville, minmay_temple_entry_hall, serial_shops,
          nicolae_stop_n_shop_2
D:6:      layout_cave_pools, fedhas_altar_2, minmay_misc_feat_columns,
          uniq_edmund
D:7:      minmay_recursive_quarters, layout_loops_corners, corexii_checkpoint_a

Skill      XL: |  1  2  3  4  5 |
---------------+----------------+-----
Stealth        | 6 7 |  7.7
Short Blades   | 3 |  3.5
Dodging        | 2 |  2.4
Fighting       | 2 |  2.3
Armour         | 2 |  2.0
Throwing       | |  1.8

Action                   |  1- 3 |  4- 6 || total
-------------------------+-------+-------++-------
Melee: Dagger            |   113 |   200 ||   313
       Bite              |    15 |    21 ||    36
Throw: Dart              |    11 |     6 ||    17
 Abil: Exsanguinate      |       |     1 ||     1
 Stab: Sleeping          |     8 |     6 ||    14
Armor: Leather armour    |    36 |    78 ||   114
Dodge: Dodged            |    58 |   151 ||   209
